AoeStats
← Marta

Arena

506584001Analyzed
4v4 RM · 20d ago on Sep 14, 2026· 42m 45s· 8 players
Game mode
Random Map
Map size
Large (8 player)
Population
200
Speed
Normal
Resources
Standard
Victory
Conquest
Starting age
Dark Age
Ending age
Imperial Age
RankedLock teamsTeams togetherTeam positionsShared explorationLock speedFull tech treeHidden civsTurbo modeCheats
Victory
Defeat
🇲🇽 Bohemians · Mexico
1275
+13
🇮🇹 Spanish · Italy
1230
+14
🇲🇽 Dravidians · Mexico
1227
+15
🇨🇱 Wei · Chile
1220
+15
🇲🇽 Gurjaras · Mexico
1259
-16
🇦🇷 Bohemians · Argentina
1231
-16
🇦🇷 Vietnamese · Argentina
1217
-15
🇦🇷 Persians · Argentina
1081
-10
PapuKong
8:28 Loom
10:35 Feudal Age
11:30 Double-Bit Axe
18:00 Castle Age
15:48 Loom
16:29 Horse Collar
16:55 Fletching
16:59 Gold Mining
18:50 Thumb Ring
19:38 Bow Saw
21:03 Ballistics
21:42 Bodkin Arrow
22:36 Stone Mining
30:16 Wheelbarrow
29:14 Light Cavalry
35:41 Padded Archer Armor
38:00 Heavy Plow
41:35 Imperial Age
39:31 Medical Corps
42:15 Leather Archer Armor
42:21 Husbandry
41:46 Elite Elephant Archer
42:27 Bracer
.|.
10:51 Feudal Age
14:54 Castle Age
13:08 Double-Bit Axe
13:37 Horse Collar
15:34 Wheelbarrow
17:10 Bow Saw
17:40 Fervor
24:26 Hand Cart
23:57 Loom
24:51 Heavy Plow
28:33 Imperial Age
26:42 Forging
28:13 Chemistry
27:10 Murder Holes
26:55 Treadmill Crane
27:37 Scale Mail Armor
27:36 Pikeman
28:02 Arson
28:18 Squires
28:55 Iron Casting
28:43 Chain Mail Armor
29:39 Ballistics
29:29 Fortified Wall
29:52 Halberdier
31:50 Blast Furnace
31:21 Plate Mail Armor
31:12 Masonry
31:55 Plate Mail Armor
32:03 Hussite Reforms
32:21 Conscription
32:10 Fletching
33:38 Redemption
33:44 Block Printing
33:50 Sanctity
34:06 Theocracy
33:38 Devotion
35:18 Bodkin Arrow
37:46 Faith
37:28 Atonement
37:53 Illumination
38:35 Wagenburg Tactics
39:20 Town Watch
Colo-Colo
10:33 Feudal Age
12:18 Loom
14:47 Castle Age
12:52 Double-Bit Axe
13:23 Horse Collar
16:03 Bow Saw
21:51 Heavy Plow
25:02 Wheelbarrow
27:07 Hand Cart
26:49 Town Watch
30:44 Imperial Age
28:48 Bloodlines
28:39 Husbandry
29:25 Scale Barding Armor
29:30 Forging
29:51 Forging
29:55 Tuntian
29:56 Stone Mining
29:56 Gold Mining
30:46 Chain Barding Armor
30:39 Gold Mining
31:25 Stone Shaft Mining
32:07 Iron Casting
31:56 Conscription
32:13 Elite Tiger Cavalry
32:28 Heavy Hei Guang Cavalry
34:49 Blast Furnace
34:51 Gold Shaft Mining
35:15 Ming Guang Armor
36:23 Hoardings
39:08 Light Cavalry
lillithadam20
11:30 Feudal Age
15:13 Castle Age
13:22 Double-Bit Axe
16:15 Bow Saw
16:22 Horse Collar
23:42 Wheelbarrow
27:40 Imperial Age
26:31 Padded Archer Armor
27:20 Bloodlines
27:11 Husbandry
27:27 Leather Archer Armor
29:21 Chemistry
28:25 Elite Conquistador
29:26 Conscription
30:32 Ring Archer Armor
31:16 Two-Man Saw
33:30 Hand Cart
33:01 Town Watch
40:01 Loom
40:32 Light Cavalry
40:33 Cavalier
41:40 Stone Mining
41:41 Gold Mining
42:30 Hussar
42:31 Paladin
43:18 Scale Barding Armor
43:24 Forging
neto_leo15
0:28 Loom
11:47 Feudal Age
18:11 Castle Age
17:11 Stone Mining
17:14 Double-Bit Axe
19:40 Stone Shaft Mining
23:22 Horse Collar
25:52 Heavy Plow
Marta
10:06 Feudal Age
14:02 Castle Age
12:25 Double-Bit Axe
12:55 Horse Collar
15:09 Bow Saw
18:14 Town Watch
18:14 Loom
23:14 Fervor
25:12 Wheelbarrow
28:29 Imperial Age
27:23 Hand Cart
27:14 Fletching
29:03 Chemistry
28:46 Scale Mail Armor
28:56 Forging
28:33 Pikeman
29:13 Squires
28:59 Arson
29:16 Bodkin Arrow
29:43 Ballistics
29:28 Siege Engineers
30:40 Siege Engineers
30:03 Halberdier
31:12 Chain Mail Armor
31:34 Iron Casting
30:41 Halberdier
33:39 Plate Mail Armor
34:10 Blast Furnace
33:59 Bracer
35:33 Houfnice
37:46 Two-Man Saw
37:50 Bombard Tower
Flangosta
10:51 Feudal Age
11:12 Horse Collar
11:18 Double-Bit Axe
17:23 Castle Age
18:17 Heavy Plow
18:30 Bow Saw
21:41 Wheelbarrow
27:53 Imperial Age
25:39 Hand Cart
25:10 Loom
25:11 Town Watch
25:24 Gold Mining
26:26 Stone Mining
27:01 Town Watch
28:37 Scale Barding Armor
30:52 Masonry
31:44 Chain Barding Armor
31:34 Forging
32:49 Gold Shaft Mining
32:16 Town Patrol
33:04 Stone Shaft Mining
34:29 Elite War Elephant
37:16 Conscription
37:35 Plate Barding Armor
37:35 Iron Casting
38:01 Padded Archer Armor
37:54 Fletching
38:40 Elite Skirmisher
39:29 Thumb Ring
39:55 Imperial Skirmisher
42:06 Ballistics
|WolkF|
10:54 Feudal Age
14:26 Castle Age
14:18 Double-Bit Axe
14:17 Horse Collar
23:34 Heavy Plow
25:11 Wheelbarrow
24:22 Loom
24:55 Fletching
25:30 Padded Archer Armor
25:56 Gold Mining
25:30 Crossbowman
26:30 Thumb Ring
26:23 Stone Mining
27:29 Leather Archer Armor
27:10 Bodkin Arrow
28:25 Ballistics
29:36 Hand Cart
29:07 Town Watch
30:31 Stone Shaft Mining
33:03 Imperial Age
31:49 Murder Holes
33:44 Bracer
33:07 Arbalester
34:20 Ring Archer Armor
34:52 Chemistry
34:13 Bow Saw
41:31 Paper Money
41:11 Chatras
Connection lost

Rejoining the realm…

Still unreachable

The connection could not be restored.

Session expired

The server has moved on; the page needs a fresh start.